 Dungeon Crawl Stone Soup version 0.16.2-12-gd0ad4c3 (webtiles) character file.

9 RepoMan the Grasshopper (level 2, 15/15 HPs)
             Began as a Vine Stalker Warper on Oct 23, 2015.
             Got out of the dungeon alive.
             The game lasted 00:03:26 (316 turns).

RepoMan the Grasshopper (Vine Stalker Warper)        Turns: 316, Time: 00:03:27

Health: 15/15      AC:  3    Str: 13    XL:     2   Next: 12%
Magic:  6/6        EV: 11    Int: 13    God:
Gold:   16         SH:  0    Dex: 13    Spells: 2 memorised, 2 levels left

rFire  . . .     SeeInvis .     a - +0 falchion
rCold  . . .     Clarity  .     b - +0 leather armour
rNeg   . . .     SustAb   .     (no shield)
rPois  .         Gourm    .     (no helmet)
rElec  .         Spirit   +     (no cloak)
rCorr  .         Warding  .     (no gloves)
rMut   .         Stasis   .     (no boots)
MR     .....                    (no amulet)
Stlth  +.........               (no ring)
                                (no ring)

@: not resistant to hostile enchantments, very unstealthy
A: fangs 2, regeneration 1, magic shield, antimagic bite, no device heal 3, rot
immunity
a: no special abilities


You escaped.
You were not hungry.

You visited 1 branch of the dungeon, and saw 1 of its levels.

You collected 16 gold pieces.

Inventory:

Hand weapons
 a - a +0 falchion (weapon)
Missiles
 e - 5 tomahawks of dispersal (quivered)
 g - 17 bolts
Armour
 b - a +0 leather armour (worn)
Jewellery
 i - an uncursed ring of wizardry {unknown}
Scrolls
 d - a scroll of blinking
Books
 c - a book of Spatial Translocations

   Spells                             Type                      Level
   a - Apportation                    Translocation                1
   b - Blink                          Translocation                2
   c - Shroud of Golubria             Charms/Translocation         2
   d - Portal Projectile              Translocation                3
   e - Teleport Other                 Translocation                3
   f - Passage of Golubria            Translocation                4
Comestibles
 f - a bread ration
 h - 2 chunks of flesh


   Skills:
 - Level 1.7 Fighting
 + Level 2.0 Long Blades
 - Level 0.8 Throwing
 - Level 0.7 Armour
 - Level 1.5 Dodging
 + Level 2.3 Spellcasting
 + Level 3.2 Translocations


You had 2 spell levels left.
You knew the following spells:

 Your Spells              Type           Power        Failure   Level  Hunger
a - Apportation           Tloc           ##........   12%         1    #......
b - Blink                 Tloc           N/A          14%         2    ###....


Dungeon Overview and Level Annotations

Branches:
Dungeon (1/15)

Altars:


Innate Abilities, Weirdness & Mutations

You have extremely sharp teeth.
Your natural rate of healing is unusually fast.
When hurt, damage is shared between your health and your magic reserves.
Your bite disrupts and absorbs the magic of your enemies.
Potions and wands cannot restore your health.
You are immune to rotting.


Message History

You see here a rat corpse.
You butcher the rat corpse.
h - 3 chunks of flesh (gained 1) Magic restored.
HP restored.
Found a dagger.
You now have 4 gold pieces.
Found a hunting sling.
You see here a dagger.
You now have 16 gold pieces (gained 12).
You see here a hunting sling.
There is a stone staircase leading down here.
There is an open door, spattered with blood here.
You see here 18 stones.
Some of the chunks of flesh in your inventory have rotted away.
You see here a goblin skeleton.
You see here a rat skeleton.
There is an open door here.
There is a staircase leading out of the dungeon here.
Are you sure you want to leave the Dungeon?
This will make you lose the game!
You have escaped!

#......# #.###### ####### ###.#
#.....# #########...# #.....#
##≈≈≈≈≈≈≈##..# #.....#
##≈≈≈.P.≈≈≈##.#
#.....###≈≈P..8..P≈≈###
#.....##≈≈≈....[..≈≈≈#
#.....##≈P.8..@..8.P≈#
#.....##≈≈≈.......≈≈≈#
#.[...###≈≈P..8..P≈≈###
#.....#.##≈≈≈.P.≈≈≈##.#
#.#####..##≈≈≈.≈≈≈##..# #.#
#...###8'8###...# #.#
#.#####..######.######### #.#
#.......#.÷÷.............
#.#####.#####.#.###############


There were no monsters in sight!

Vanquished Creatures
  A bat (D:1)
  2 giant cockroaches (D:1)
  A kobold (D:1)
  A giant newt (D:1)
  A goblin (D:1)
  3 rats (D:1)
9 creatures vanquished.

Notes
Turn   | Place    | Note
--------------------------------------------------------------
     0 | D:1      | RepoMan, the Vine Stalker Warper, began the quest for the Orb.
     0 | D:1      | Reached XP level 1. HP: 11/11 MP: 3/3
   151 | D:1      | Reached XP level 2. HP: 15/15 MP: 6/6
   167 | D:1      | Learned a level 2 spell: Blink
   316 | D:$      | Got out of the dungeon alive.

Action                   || total
-------------------------++-------
Melee: Falchion          ||    33
 Cast: Apportation       ||     2
